AoeStats
← LmScar12

Arabia

510007448Analyzed
1v1 RM · 2d ago on Sep 29, 2026· 34m 25s· 2 players
Game mode
Random Map
Map size
Tiny (2 player)
Population
200
Speed
Normal
Resources
Standard
Victory
Conquest
Starting age
Dark Age
Ending age
Imperial Age
RankedLock teamsTeams togetherTeam positionsShared explorationLock speedFull tech treeHidden civsTurbo modeCheats
Victory
Defeat
🇺🇸 Ethiopians · United States
1635
+16
🇺🇸 Saxons · United States
1643
-16
ENroth
7:03 Loom
10:58 Feudal Age
15:25 Castle Age
13:53 Double-Bit Axe
14:42 Horse Collar
24:06 Town Watch
24:57 Wheelbarrow
24:34 Bow Saw
24:26 Heavy Plow
29:48 Imperial Age
28:31 Masonry
31:35 Chemistry
33:09 Two-Man Saw
33:49 Torsion Engines
LmScar12
7:36 Loom
9:35 Feudal Age
10:15 Double-Bit Axe
9:59 Man-at-Arms
12:56 Horse Collar
20:55 Castle Age
19:06 Stone Mining
19:31 Gold Mining
19:43 Fletching
21:53 Bodkin Arrow
22:09 Bow Saw
22:53 Heavy Plow
27:43 Wheelbarrow
29:59 Arson
33:12 Imperial Age
31:48 Masonry
34:03 Scale Mail Armor
34:06 Squires
Connection lost

Rejoining the realm…

Still unreachable

The connection could not be restored.

Session expired

The server has moved on; the page needs a fresh start.